 Dungeon Crawl Stone Soup version 0.21.1-1-g345015fe64 (webtiles) character file.

142 KleinerIrrer the Chopper (level 5, -2/32 HPs)
             Began as a Gargoyle Fighter on Apr 4, 2018.
             Slain by Sigmund
             ... wielding a +0 scythe
              (7 damage)
             ... on level 3 of the Dungeon.
             The game lasted 00:00:33 (2229 turns).

KleinerIrrer the Chopper (Gargoyle Fighter)         Turns: 2229, Time: 00:00:34

Health: -2/32      AC: 10    Str: 21    XL:     5   Next: 25%
Magic:  5/5        EV:  7    Int:  8    God:
Gold:   137        SH:  9    Dex:  9    Spells: 4/4 levels left

rFire    . . .     SeeInvis .   Y - +1 war axe
rCold    . . .     Gourm    .   c - +0 shield
rNeg     + + .     Faith    .   b - +0 scale mail
rPois    ∞         Spirit   .   (no helmet)
rElec    +         Reflect  .   (no cloak)
rCorr    .         Harm     .   (no gloves)
MR       .....                  (no boots)
Stlth    ..........             (no amulet)
HPRegen  0.10/turn              k - ring of positive energy
MPRegen  0.09/turn              (no ring)

@: no status effects
A: negative energy resistance 1, electricity resistance, unbreathing,
petrification resistance, rot immunity, AC +4
a: no special abilities


You were on level 3 of the Dungeon.
You were not hungry.

You visited 1 branch of the dungeon, and saw 3 of its levels.

You collected 137 gold pieces.


Innate Abilities, Weirdness & Mutations

You are resistant to torment.
Your stone body is resilient. (AC +4)
You are immune to poison.
You resist negative energy. (rN+)
You are resistant to electric shocks. (rElec)
You can survive without breathing.
You are immune to petrification.
You are immune to rotting.


   Skills:
 - Level 3.2 Fighting
 + Level 4.8 Axes
 - Level 3.2 Armour
 - Level 3.2 Shields


You had 4 spell levels left.
You didn't know any spells.

Inventory:

Hand Weapons
 j - a +0 mace
 Y - a +1 war axe (weapon)
Armour
 b - a +0 scale mail (worn)
 c - a +0 shield (worn)
 h - a +0 chain mail
Jewellery
 e - an uncursed ring of protection from fire {unknown}
 k - a ring of positive energy (left hand)
Scrolls
 a - a scroll of identify
 l - 7 scrolls of teleportation
Potions
 d - 2 potions of might
 m - a potion of flight {unknown}
 n - a potion of magic {unknown}
 p - a potion of ambrosia {unknown}
Comestibles
 f - 6 rations
 g - a chunk of flesh

Dungeon Overview and Level Annotations

Branches:
Dungeon (3/15)

Altars:

Annotations:
D:3 Sigmund


Message History

You block something's attack.
You closely miss something. Something hits you but does no damage.
You miss something. Something hits you but does no damage.
You closely miss something. Something hits you!
You miss something. Something hits you.
You barely miss something.
You hear some strange, mumbled words.
Something tries to affect you, but you resist.
Some of the chunks of flesh in your inventory have rotted away.
You miss something. You block something's attack.
You closely miss something. Something hits you!
You closely miss something. Something hits you!
You die...

.... 7...$ ...7
7.7... ....7 7
7.7....
#...7.7.7..... ...
#....7.7....
#####..#
#.#...7...#...
....#..#
#......{......
..#....#######.#@#
..##...##........#
.......##......###
.......##......#
...............#
.)........######
...#.#..........
..##...#..######
..###...#....


There were no monsters in sight!

Vanquished Creatures
  2 orc wizards (D:3)
  2 adders
  2 worms (D:2)
  4 leopard geckos
  3 orcs (D:3)
  2 ball pythons
  7 bats
  A giant cockroach (D:1)
  8 goblins
  3 hobgoblins
  6 jackals (D:2)
  5 frilled lizards
  5 kobolds
  7 rats
57 creatures vanquished.

Notes
Turn   | Place    | Note
-------+----------+-------------------------------------------
     0 | D:1      | KleinerIrrer the Gargoyle Fighter began the quest for the Orb.
     0 | D:1      | Reached XP level 1. HP: 14/14 MP: 1/1
     0 | D:1      | 0 ||| counter = 12
    38 | D:1      | Reached skill level 2 in Axes
   198 | D:1      | Reached XP level 2. HP: 18/19 MP: 2/2
   685 | D:1      | Reached skill level 3 in Axes
   851 | D:1      | 851 ||| READING 2 scrolls labeled ZECWUM SIBI.
   852 | D:1      | 852 ||| READING scroll labeled QOANIC ZARUD.
   853 | D:1      | 853 ||| READING 2 scrolls labeled OTEIDI WIPYN.
   856 | D:1      | 856 ||| READING scroll labeled ETUUS MESIMUEL.
   857 | D:1      | 857 ||| DROPPING scroll of immolation.
   898 | D:2      | Reached XP level 3. HP: 23/23 MP: 3/3
  1213 | D:2      | Found a faded altar of an unknown god.
  1626 | D:2      | Reached XP level 4. HP: 25/28 MP: 4/4
  1910 | D:2      | 1910 ||| READING 4 scrolls labeled LUF LULORREU.
  1911 | D:2      | 1911 ||| READING scroll labeled MEMUTZ KIBREQE.
  1912 | D:2      | 1912 ||| READING scroll labeled CAPNAWN APHYI.
  1913 | D:2      | 1913 ||| READING 2 scrolls labeled QIG ECLIATAE.
  1914 | D:2      | 1914 ||| READING scroll labeled TUR TOKYSAC.
  1915 | D:2      | 1915 ||| READING 3 scrolls of identify.
  1915 | D:2      | 1915 ||| IDENTIFYING diamond ring
  1916 | D:2      | 1916 ||| DROPPING ring of magical power.
  1917 | D:2      | 1917 ||| READING 2 scrolls of identify.
  1917 | D:2      | 1917 ||| IDENTIFYING glowing golden ring
  1918 | D:2      | 1918 ||| UPGRADING to ring of positive energy.
  1919 | D:2      | 1919 ||| DROPPING scroll of blinking.
  1982 | D:3      | Reached skill level 4 in Axes
  2009 | D:3      | Reached XP level 5. HP: 17/32 MP: 5/5
  2206 | D:3      | Noticed Sigmund
  2228 | D:3      | HP: 5/32 [something (7)]
  2229 | D:3      | Slain by Sigmund

Vault maps used:
D:1:      saegor_arrival_simple_d
D:2:      chequers_ecumenical_altar_twisty, minivault_4
D:3:      first_ration, okawaru_trees_2, uniq_sigmund

Skill      XL: |  1  2  3  4 |
---------------+-------------+-----
Axes           | 2 3 4 |  4.8
Fighting       | |  3.2
Armour         | |  3.2
Shields        | |  3.2

Action                   |  1- 3 |  4- 6 || total
-------------------------+-------+-------++-------
Melee: War axe           |   142 |    61 ||   203
  Use: Scroll            |     4 |     7 ||    11
  Eat: Chunk             |     3 |     2 ||     5
Armor: Scale mail        |    78 |    30 ||   108
Dodge: Dodged            |    42 |    18 ||    60
Block: Shield            |    75 |    25 ||   100

Table legend:
 A = Spawn XP
 B = Non-spawn XP
 C = Spawn XP percentage of total XP
 D = Spawn monster count
 E = Non-spawn monster count
 F = Spawn count percentage of total count
 G = Total turns spent on level
                    A         B        C        D         E        F      G
               +---------+---------+-------+---------+---------+-------+---------
         Total |       0 |     204 |   0.0 |       0 |      57 |   0.0 |  2229
               +---------+---------+-------+---------+---------+-------+---------
           D:1 |       0 |      30 |   0.0 |       0 |      22 |   0.0 |   868
           D:2 |       0 |      63 |   0.0 |       0 |      24 |   0.0 |  1075
           D:3 |       0 |     111 |   0.0 |       0 |      11 |   0.0 |   286
               +---------+---------+-------+---------+---------+-------+---------
